 Dungeon Crawl Stone Soup version 0.30-a0-859-gf88a04b62d (webtiles) character file.

Game seed: 10899209220992658610

37555 Demosthentine the Fighter (level 13, -4/145 HPs)
             Began as a Demonspawn Gladiator on Mar 6, 2023.
             Was an Elder of Hepliaklqana.
             Slain by a white ugly thing (16 damage)
             ... on level 15 of the Dungeon.
             The game lasted 00:26:28 (14439 turns).

Demosthentine the Fighter (Demonspawn Gladiator)   Turns: 14439, Time: 00:26:29

Health: -4/145     AC: 26    Str: 16    XL:     13   Next: 59%
Magic:  20/20      EV:  2    Int: 10    God:    Hepliaklqana [****..]
Gold:   1189       SH:  0    Dex: 22    Spells: 12/12 levels left

rFire   . . .      SeeInvis .    a - +1 trident
rCold   + . .      Faith    .    (no shield)
rNeg    + . .      Spirit   .    G - melded +0 troll leather armour
rPois   +          Reflect  .    c - melded +0 helmet
rElec   .          Rampage  .    l - melded +2 cloak
rCorr   .          NoTele   +    g - melded +1 pair of gloves
Will    +....                    (boots currently unavailable)
Stlth   ++                       f - amulet "Vigyhun" {rC+ Regen+}
HPRegen 1.24/turn                u - ring of willpower
MPRegen 0.17/turn                w - ring of Ibonivus {rN+ Dex+4}

@: tree-form (expiring)
A: stationary, stasis, torment immunity, boosted hp, reduced essence, (hooves
2), demonic guardian 1, (sanguine armour 2), demonic magic 2
a: Renounce Religion, Recall Ancestor, Ancestor Identity, Transference, Idealise


You were on level 15 of the Dungeon.
You worshipped Hepliaklqana.
Hepliaklqana was greatly pleased with you.
You were a tree.
You visited 2 branches of the dungeon, and saw 16 of its levels.
You also visited: Sewer.

You collected 1189 gold pieces.

Inventory:

Hand Weapons
 a - a +1 trident (weapon)
Missiles
 o - 7 javelins (quivered)
Armour
 c - a +0 helmet (melded)
 g - a +1 pair of gloves (melded)
 l - a +2 cloak (melded)
 q - a +2 buckler
 G - a +0 troll leather armour (melded)
 N - the +3 leather armour "Herejoc" {rC- rN+ Stlth+}
   (You found it on level 14 of the Dungeon)

   rC:        It makes you vulnerable to cold.
   rN:        It protects you from negative energy.
   Stlth:     It makes you more stealthy.
Jewellery
 f - the amulet "Vigyhun" (around neck) {rC+ Regen+}
   (You acquired it on level 1 of the Dungeon)

   [amulet of regeneration]

   rC:        It protects you from cold.
   Regen:     It increases your rate of health regeneration.
 u - a ring of willpower (left branch)
 w - the ring of Ibonivus (right branch) {rN+ Dex+4}
   (You found it on level 10 of the Dungeon)

   [ring of positive energy]

   Dex:       It affects your dexterity (+4).
   rN:        It protects you from negative energy.
 C - a ring of protection from fire
 F - a +6 ring of strength
 I - a ring of resist corrosion
 L - a +4 ring of protection
 O - a ring of fire
Wands
 d - a wand of flame (30)
 r - a wand of polymorph (16)
 v - a wand of mindburst (17)
 y - a wand of paralysis (10)
 z - a wand of roots (23)
Scrolls
 e - 2 scrolls of magic mapping
 h - a scroll of teleportation
 i - 8 scrolls of identify
 m - 3 scrolls of poison
 s - 2 scrolls of immolation
 A - 4 scrolls of amnesia
 E - 3 scrolls of enchant armour
 H - a scroll of fog
 J - 2 scrolls of blinking
Potions
 j - a potion of brilliance
 k - 8 potions of mutation
 n - 3 potions of flight
 p - 5 potions of attraction
 t - 5 potions of cancellation
 x - a potion of haste
 D - 2 potions of lignification
 K - a potion of resistance
 M - a potion of ambrosia {unknown}


   Skills:
 + Level 12.2 Fighting
 + Level 11.4 Polearms
 - Level 1.7 Throwing
 - Level 6.3 Armour
 + Level 11.4 Dodging
 + Level 4.9 Shields
 - Level 10.2 Invocations


You had 12 spell levels left.
You didn't know any spells.
Your spell library contained the following spells:

 Spells                   Type           Power      Damage    Failure   Level
 Apportation              Tloc           0%         N/A       36%         1
 Foxfire                  Conj/Fire      0%         2x1d4     36%         1
 Sandblast                Erth           0%         2d4       36%         1
 Shock                    Conj/Air       0%         1d3       36%         1
 Summon Small Mammal      Summ           0%         N/A       36%         1
 Blink                    Tloc           0%         N/A       50%         2
 Passwall                 Tmut/Erth      0%         N/A       50%         2
 Call Canine Familiar     Summ           0%         N/A       75%         3
 Stone Arrow              Conj/Erth      0%         3d7       75%         3
 Summon Guardian Golem    Hex/Summ       0%         N/A       75%         3
 Swiftness                Air            0%         N/A       75%         3
 Airstrike                Air            0%         2d(0-16)  98%         4
 Cause Fear               Hex            0%         N/A       98%         4
 Manifold Assault         Tloc           0%         N/A       98%         4
 Olgreb's Toxic Radiance  Pois           0%         N/A       98%         4
 Alistair's Intoxication  Tmut/Pois      0%         N/A       100%        5
 Fireball                 Conj/Fire      0%         3d3       100%        5
 Starburst                Conj/Fire      0%         6d3       100%        6
 Dragon Form              Tmut           0%         N/A       100%        7
 Ozocubu's Refrigeration  Ice            0%         4d7       100%        7
 Storm Form               Tmut/Air       0%         N/A       100%        7
 Ignition                 Fire           0%         3d3       100%        8
 Dragon's Call            Summ           0%         N/A       100%        9


Dungeon Overview and Level Annotations

Branches:
Dungeon (15/15)            Temple (1/1) D:6            Lair (0/5) D:9
    Orc (0/2) D:10         Vaults (0/5) D:13         Depths (0/4) D:15
  Sewer (visited)

Altars:
Ashenzari
Cheibriados
Dithmenos
Fedhas
Gozag
Hepliaklqana
Kikubaaqudgha
Makhleb
Nemelex Xobeh
Okawaru
Qazlal
Ru
Sif Muna
Trog
Uskayaw
Vehumet
Wu Jian
Xom
Yredelemnul
Lugonu

Shops:
D:5 (   D:10 [

Portals:
Abyss: D:12

Annotations:
D:12 2 runed translucent doors


Innate Abilities, Weirdness & Mutations

You are a tree.
Your roots penetrate the ground, keeping you stationary.
You cannot be teleported.
You are immune to unholy pain and torment.
Your maximum health is greatly increased.
Your equipment is partially melded.
Your life essence is reduced to manifest your ancestor. (-10% HP)
((You have hoof-like feet.))
A weak demonic guardian rushes to your aid.
((When seriously injured, your blood forms thick armour. (AC +0)))
Spells you cast may paralyse nearby enemies.


Message History

Aim: a white ugly thing (ally target, about 27% to evade your +1 trident)
You reach to attack!
You closely miss the white ugly thing.
Your orange demon disappears in a puff of smoke!
Reach: a) +1 trident
Press: ? - help, Dir - move target, f/p - white ugly thing
Aim: a white ugly thing (ally target, about 27% to evade your +1 trident)
You puncture the white ugly thing!
The white ugly thing is lightly wounded.
The white ugly thing pecks you but does no damage.
You hit the white ugly thing but do no damage.
The white ugly thing is lightly wounded.
The white ugly thing pecks you.
* * * LOW HITPOINT WARNING * * *
The white ugly thing freezes you! You resist.
* * * LOW HITPOINT WARNING * * *
You feel better.
The white ugly thing pecks you but does no damage.
You closely miss the white ugly thing.
The white ugly thing is lightly wounded.
You completely miss the white ugly thing.
The white ugly thing is lightly wounded.
The white ugly thing pecks you but does no damage.
You puncture the white ugly thing!
The white ugly thing is moderately wounded.
The white ugly thing pecks you but does no damage.
You hit the white ugly thing but do no damage.
The white ugly thing is moderately wounded.
Your transformation is almost over.
The white ugly thing pecks you but does no damage.
You hit the white ugly thing but do no damage.
The white ugly thing is moderately wounded.
You closely miss the white ugly thing.
The white ugly thing is moderately wounded.
The white ugly thing pecks you but does no damage.
You hit the white ugly thing but do no damage.
The white ugly thing is moderately wounded.
The white ugly thing pecks you!
* * * LOW HITPOINT WARNING * * *
The white ugly thing freezes you! You resist.
You die...

#...........# O#
#...........# .#
#...........#
#...........'
#...........## #+##+##..
#.##.##O# ## #.##.##u#
.### #.##.##♣# ########
...# #.##.##5#####......#
...# #.##.##....[..####.#
...##
#.##.#############.####
##..#
####.....................#
##.#
#.......#############.##.#
#.###.......# #.##.#
#...#.......# #.##.#
###.'.......####### #.##.#


You could see a white ugly thing (ally target), an ogre and a friendly white imp
(summoned).

Vanquished Creatures
  6 two-headed ogres
  A dancing weapon (D:13)
  2 centaur warriors
  3 boulder beetles
  Pikel (D:4)
  A necromancer (D:15)
  2 wizards (D:10)
  An orc knight (D:10)
  A deep elf pyromancer (D:10)
  5 ugly things
  2 cyclopes
  A fire giant zombie (D:15)
  A kobold demonologist (D:9)
  A freezing wraith (D:14)
  4 trolls
  A hellwing (D:14)
  Prince Ribbit (D:5)
  A hornet (D:9)
  A blink frog (shapeshifter) (D:15)
  13 slime creatures
  2 vampires
  2 shadows (D:10)
  20 yaks
  A wyvern (D:9)
  6 hogs (D:14)
  2 steam dragons
  4 vampire mosquitoes (D:12)
  2 wargs (D:15)
  3 water moccasins
  An acid dragon (D:12)
  A sky beast (D:7)
  2 black bears
  2 ogres
  4 orc warriors
  7 centaurs
  3 boggarts (D:14)
  A lemure (D:4)
  A kobold brigand (D:7)
  4 bullfrogs
  A gnoll sergeant (D:12)
  3 scorpions
  10 wights
  6 killer bees (D:7)
  An electric eel (D:7)
  2 howler monkeys
  2 crimson imps (D:14)
  4 hounds
  2 quasits (D:14)
  Crazy Yiuf (D:5)
  3 jellies
  An orc priest (D:9)
  2 sleepcaps (D:5)
  6 iguanas
  9 orc wizards
  Terence (D:2)
  5 gnolls
  8 adders
  2 river rats (D:14)
  3 shadow imps (D:14)
  3 white imps
  3 ufetubi
  A worm (D:2)
  2 dart slugs
  27 orcs
  5 endoplasms
  8 giant cockroaches
  12 goblins
  4 hobgoblins
  6 jackals
  4 quokkas
  10 ball pythons
  8 bats
  4 frilled lizards
  11 kobolds
  8 rats
305 creatures vanquished.

Vanquished Creatures (collateral kills)
  Kirke (D:14)
  An ogre mage (D:15)
  A two-headed ogre (D:11)
  A boulder beetle (D:12)
  A centaur warrior (D:13)
  A dancing weapon (D:13)
  3 ugly things
  2 cyclopes
  A manticore (D:15)
  A rust devil (D:14)
  A demonic crawler (D:14)
  A fire giant skeleton (D:15)
  A gargoyle (D:11)
  A tengu conjurer (D:13)
  Psyche (D:8)
  A hornet (D:7)
  A troll (D:11)
  A hellwing (D:14)
  5 slime creatures
  A vampire (D:12)
  A yak (D:9)
  A hog (D:14)
  A steam dragon (D:9)
  A wraith (D:13)
  A water moccasin (D:8)
  A centaur (D:11)
  Blork the orc (D:4)
  A scorpion (D:6)
  3 crimson imps (D:14)
  2 quasits (D:14)
  An orc priest (D:15)
  An orc wizard (D:8)
  2 gnolls (D:12)
  An adder (D:5)
  An ufetubus (D:14)
  6 orcs
  2 giant cockroaches (D:14)
  A kobold (D:7)
55 creatures vanquished.

Vanquished Creatures (others)
  An ogre mage (D:10)
  A centaur (D:14)
  8 hexers
  7 ancestors
  A white imp (D:7)
  2 plants (D:7)
  3 withered plants (D:15)
23 creatures vanquished.

Grand Total: 383 creatures vanquished

Notes
Turn   | Place    | Note
-------+----------+-------------------------------------------
     0 | D:1      | Demosthentine the Demonspawn Gladiator began the quest for
                  | the Orb.
     0 | D:1      | Reached XP level 1. HP: 16/16 MP: 1/1
   138 | D:1      | Gained mutation: Spells you cast may paralyse adjacent
                  | enemies. [demonic ancestry]
   138 | D:1      | Reached XP level 2. HP: 22/22 MP: 2/2
   222 | D:1      | Found a faded altar of an unknown god.
   670 | D:1      | Reached skill level 1 in Armour
   845 | D:1      | Identified a scroll of acquirement
   845 | D:1      | Acquired the amulet "Vigyhun" {rC+ Regen+}
   866 | D:2      | Gained mutation: You have large cloven feet. [demonic
                  | ancestry]
   866 | D:2      | Reached XP level 3. HP: 28/28 MP: 3/3
  1137 | D:2      | Reached XP level 4. HP: 23/34 MP: 4/4
  1437 | D:2      | Noticed Terence
  1449 | D:2      | Killed Terence
  1878 | D:3      | Reached skill level 3 in Fighting
  2306 | D:3      | You fall into a shaft and drop 2 floors!
  2306 | D:5      | Entered Level 5 of the Dungeon
  2326 | D:5      | Gained mutation: A weak demonic guardian rushes to your
                  | aid. [demonic ancestry]
  2326 | D:5      | Reached XP level 5. HP: 41/41 MP: 5/5
  2363 | D:4      | Noticed Blork the orc
  2465 | D:4      | Noticed a lemure
  2466 | D:4      | Noticed a lemure
  2467 | D:4      | Noticed Pikel
  2480 | D:4      | Noticed a lemure
  2484 | D:4      | Killed a lemure
  2486 | D:4      | Noticed a lemure
  2501 | D:4      | Killed Pikel
  2502 | D:4      | Reached skill level 4 in Fighting
  2502 | D:4      | Reached XP level 6. HP: 35/49 MP: 6/6
  2502 | D:4      | Reached XP level 7. HP: 39/55 MP: 7/7
  2695 | D:4      | Found a glowing drain.
  2724 | Sewer    | Entered a sewer
  2882 | D:4      | HP: 1/55 [Blork the orc/puff of flame (11)]
  2885 | D:4      | Killed Blork the orc
  3799 | D:5      | Found Viptosui's Weapon Shoppe.
  3818 | D:5      | Reached skill level 5 in Fighting
  3818 | D:5      | Reached skill level 5 in Polearms
  3818 | D:5      | Reached skill level 5 in Dodging
  3818 | D:5      | Gained mutation: When seriously injured, your blood forms
                  | armour. (AC +0) [demonic ancestry]
  3818 | D:5      | Reached XP level 8. HP: 53/62 MP: 8/8
  4229 | D:5      | Noticed Prince Ribbit
  4246 | D:5      | Killed Prince Ribbit
  4464 | D:5      | Found a runed translucent door.
  4465 | D:5      | Noticed Crazy Yiuf
  4730 | D:5      | Killed Crazy Yiuf
  4906 | D:6      | Reached skill level 6 in Fighting
  4989 | D:6      | Reached skill level 5 in Armour
  5030 | D:6      | Found a staircase to the Ecumenical Temple.
  5102 | Temple   | Entered the Ecumenical Temple
  5259 | D:6      | Reached XP level 9. HP: 60/69 MP: 9/9
  5921 | D:7      | Found a sacrificial altar of Ru.
  5921 | D:7      | Found a hazy altar of Hepliaklqana.
  5932 | D:7      | Became a worshipper of Hepliaklqana the Forgotten
  6278 | D:7      | Reached skill level 7 in Fighting
  6535 | D:7      | Paralysed by a hornet for 1 turns
  6651 | D:7      | Identified the +0 pair of gloves of Ireeleqe {rPois Will+
                  | rCorr}
  6759 | D:8      | Found a burning altar of Makhleb.
  6828 | D:8      | Noticed Psyche
  6891 | D:8      | Killed Psyche
  6892 | D:8      | Reached skill level 1 in Invocations
  6892 | D:8      | Gained mutation: You have hoof-like feet. [demonic
                  | ancestry]
  6892 | D:8      | Reached XP level 10. HP: 52/79 MP: 10/10
  7119 | D:8      | Reached * piety under Hepliaklqana
  7198 | D:8      | Noticed a two-headed ogre
  7199 | D:8      | Upgraded the game from 0.30-a0-857-gcaf70739d4 to
                  | 0.30-a0-859-gf88a04b62d
  7210 | D:8      | Killed a two-headed ogre
  7269 | D:8      | Reached skill level 8 in Fighting
  7396 | D:8      | Noticed a two-headed ogre
  7412 | D:8      | Killed a two-headed ogre
  7679 | D:9      | Paralysed by a hornet for 3 turns
  7852 | D:9      | Found a staircase to the Lair.
  7913 | D:9      | Noticed an orange demon
  7917 | D:9      | Reached skill level 5 in Invocations
  8207 | D:9      | Found a blossoming altar of Fedhas.
  8207 | D:9      | Found a sparkling altar of Nemelex Xobeh.
  8214 | D:9      | Found a shimmering blue altar of Sif Muna.
  8216 | D:9      | Found a faded altar of an unknown god.
  8218 | D:9      | Found a faded altar of an unknown god.
  8360 | D:9      | Gained mutation: When seriously injured, your blood forms
                  | thick armour. (AC +0) [demonic ancestry]
  8360 | D:9      | Reached XP level 11. HP: 63/78 MP: 15/15
  8417 | D:10     | Entered Level 10 of the Dungeon
  8457 | D:10     | Found a staircase to the Orcish Mines.
  8457 | D:10     | Found Nuitetwu's Armour Boutique.
  8458 | D:10     | Noticed an orc knight
  8503 | D:10     | Killed an orc knight
  8504 | D:10     | Reached skill level 9 in Fighting
  8662 | D:10     | Noticed a wizard
  8948 | D:10     | Killed a wizard
  8972 | D:10     | Noticed a deep elf pyromancer
  9003 | D:10     | Noticed a wizard
  9006 | D:10     | Noticed an ogre mage
  9013 | D:10     | Killed a deep elf pyromancer
  9020 | D:10     | Killed an ogre mage
  9027 | D:10     | Killed a wizard
  9120 | D:10     | Identified the ring of Ibonivus {rN+ Dex+4}
  9154 | D:10     | Reached ** piety under Hepliaklqana
  9828 | D:11     | Reached skill level 10 in Fighting
 10149 | D:11     | Noticed a boulder beetle
 10169 | D:11     | Killed a boulder beetle
 10401 | D:11     | Noticed a two-headed ogre
 10419 | D:11     | Killed a two-headed ogre
 10420 | D:11     | Reached XP level 12. HP: 67/87 MP: 18/18
 10645 | D:11     | Remembered your ancestor Tiberia as a hexer
 10785 | D:12     | Reached *** piety under Hepliaklqana
 10827 | D:12     | Noticed a boulder beetle
 10848 | D:12     | Killed a boulder beetle
 10984 | D:12     | Found a one-way gate to the infinite horrors of the Abyss.
 11049 | D:12     | Found a large runed translucent door.
 11049 | D:12     | Found a large runed translucent door.
 11050 | D:12     | Found a corrupted altar of Lugonu.
 11371 | D:12     | Reached skill level 10 in Polearms
 11371 | D:12     | Reached skill level 10 in Dodging
 11916 | D:13     | Found a gate to the Vaults.
 11942 | D:13     | Reached skill level 10 in Invocations
 12110 | D:13     | Noticed a boulder beetle
 12147 | D:13     | Noticed a centaur warrior
 12158 | D:13     | Killed a centaur warrior
 12270 | D:13     | Reached **** piety under Hepliaklqana
 12290 | D:13     | Noticed a centaur warrior
 12309 | D:13     | Killed a centaur warrior
 12310 | D:13     | Reached skill level 11 in Fighting
 12448 | D:13     | Reached skill level 1 in Shields
 12482 | D:13     | Killed a boulder beetle
 12845 | D:14     | Noticed a centaur warrior
 12852 | D:14     | Noticed a centaur warrior
 12882 | D:14     | Killed a centaur warrior
 12924 | D:14     | Noticed Kirke
 12998 | D:14     | Killed Kirke
 12999 | D:14     | Gained mutation: Spells you cast may paralyse nearby
                  | enemies. [demonic ancestry]
 12999 | D:14     | Reached XP level 13. HP: 95/95 MP: 20/20
 13682 | D:14     | Identified the +3 leather armour "Herejoc" {rC- rN+ Stlth+}
 13888 | D:15     | Entered Level 15 of the Dungeon
 14103 | D:15     | Found a staircase to the Depths.
 14390 | D:15     | Reached skill level 12 in Fighting
 14427 | D:15     | HP: 5/145 [white ugly thing (14)]
 14431 | D:15     | HP: 2/145 [white ugly thing (11)]
 14439 | D:15     | Slain by a white ugly thing

Illustrated notes

Levels and vault maps discovered:
D:1:      wander_arrival_peaceful_grave, layout_basic,
          hellmonk_ecumenical_altar_lost_god, minmay_distorted
D:2:      layout_loops_ring, uniq_terence
D:3:      layout_basic
D:4:      layout_basic, portal_sewer_entry_b, uniq_blork_the_orc, uniq_pikel
D:5:      layout_layer_cave, serial_shops, kennysheep_little_box,
          uniq_crazy_yiuf_cottage, uniq_prince_ribbit1
D:6:      layout_basic, minmay_temple_entry_hall
D:7:      layout_loops_cross, chequers_temple_overflow_statue_of_worship,
          serial_bayou, serial_bayou_pond_b, serial_bayou_crossing,
          serial_bayou_pond_a, serial_bayou_lagoon_a, grunt_ministairs_8
D:8:      layout_loops_cross, bloody_makhleb, uniq_psyche
D:9:      layout_roguey, chequers_temple_overflow_minitemple, dpeg_oklobed_lair,
          serial_glass, glass_columns_c, glass_columns_b
D:10:     minmay_cut_squares, layout_rooms, orc_david_3
D:11:     layout_grid_maze
D:12:     due_chaos_kobolds, layout_gridville
D:13:     layout_small_grid, erik_vaults_1
D:14:     kennysheep_tiny_hell, layout_cave_pods, nicolae_figureground_sparkle,
          serial_glass, glass_columns_b, glass_columns_a, glass_columns_c,
          glass_columns_b, glass_columns_a, glass_columns_b, glass_columns_a,
          glass_columns_c, uniq_kirke, uniq_lodul
D:15:     gammafunk_depths_entry_grave, layout_basic,
          pdpol_wu_jian_five_deadly_venoms
Temple:   nicolae_temple_superstar

Skill      XL: |  1  2  3  4  5  6  7  8  9 10 11 12 13 |
---------------+----------------------------------------+-----
Dodging        | 3 4 5 6 7 8 9 10 11 | 11.4
Polearms       | 3 4 5 6 7 8 9 10 11 | 11.4
Armour         | 1 3 4 5 6 |  6.3
Fighting       | 3 4 5 6 7 8 10 11 12 | 12.2
Invocations    | 1 5 8 10 | 10.2
Shields        | 3 4 |  4.9
Throwing       | |  1.7

Action                     |  1- 3 |  4- 6 |  7- 9 | 10-12 | 13-15 || total
---------------------------+-------+-------+-------+-------+-------++-------
  Melee: Trident           |   124 |   115 |   490 |   865 |   366 ||  1960
         Kick              |     7 |    26 |   135 |   319 |   124 ||   611
         Punch             |       |       |     4 |    17 |     7 ||    28
         Unarmed           |       |       |       |     2 |       ||     2
  Throw: Throwing net      |       |     3 |     1 |     5 |       ||     9
         Javelin           |       |       |     1 |       |       ||     1
 Invoke: Recall Ancestor   |       |       |       |     1 |       ||     1
         Ancestor Life: He |       |       |       |     1 |       ||     1
         Idealise          |       |       |       |       |     1 ||     1
  Evoke: Wand              |       |       |       |     5 |       ||     5
    Use: Scroll            |     6 |     5 |    10 |     4 |     6 ||    31
         Potion            |       |     1 |     7 |     8 |     5 ||    21
   Stab: Sleeping          |     1 |     1 |     3 |     1 |     3 ||     9
         Distracted        |     1 |       |     2 |    17 |     8 ||    28
         Paralysed         |       |       |       |    18 |       ||    18
         Confused          |       |       |       |     7 |     3 ||    10
 Armour: Leather armour    |    36 |    19 |   120 |       |       ||   175
         Skin              |       |       |    47 |       |    13 ||    60
         Steam dragon scal |       |       |     9 |    87 |       ||    96
         Troll leather arm |       |       |       |   174 |    52 ||   226
  Dodge: Dodged            |    60 |    68 |   340 |   619 |   202 ||  1289

Table legend: (Time is in decaauts)
 A = Elapsed time spent in this place.
 B = Non-inter-level travel time spent in this place.
 C = Inter-level travel time spent in this place.
 D = Time resting spent in this place.
 E = Time spent auto-exploring this place.
 F = Levels seen in this place.
 G = Mean time per level.
                   A        B        C        D        E       F      G
               +--------+--------+--------+--------+--------+-----+--------+
         Total |  14297 |  13772 |    525 |    777 |   9212 |  17 |  841.0 |
       Dungeon |  14061 |  13537 |    524 |    777 |   9062 |  15 |  937.4 |
        Temple |    110 |    110 |      0 |      0 |     73 |   1 |  110.0 |
         Sewer |    125 |    125 |      0 |      0 |     77 |   1 |  125.0 |
               +--------+--------+--------+--------+--------+-----+--------+

Top non-repeatable levels by time:
    D:11: 1282 daAuts
    D:14: 1228 daAuts
     D:5: 1092 daAuts
    D:12: 1070 daAuts
     D:7: 1024 daAuts
     D:4: 934 daAuts
     D:9: 914 daAuts
     D:3: 895 daAuts
     D:2: 891 daAuts
     D:8: 883 daAuts
     D:1: 874 daAuts
     D:6: 868 daAuts
    D:10: 836 daAuts
    D:13: 763 daAuts
    D:15: 501 daAuts
